 Dungeon Crawl Stone Soup version bcrawl-1.12-10-g10a67aac0f (webtiles) character file.

Game seed: 12656908836427917048

126 Freyura the Skirmisher (level 5, -5/48 HPs)
             Began as a Hill Orc Fighter on June 13, 2019.
             Killed by divine providence
             ... invoked by an orc priest
              (14 damage)
             ... on level 3 of the Dungeon on June 14, 2019.
             The game lasted 00:05:42 (1222 turns).

Freyura the Skirmisher (Hill Orc Fighter)           Turns: 1222, Time: 00:05:42

Health: -5/48      AC:  7    Str: 24    XL:     5   Next: 9%
Magic:  5/5        EV:  7    Int:  8    God:
Gold:   177        SH: 10    Dex: 11    Spells: 4/4 levels left

rFire    . . .     SeeInvis .   a - +0 flail
rCold    . . .     Gourm    .   c - +0 shield
rNeg     . . .     Faith    .   b - +0 scale mail
rPois    .         Spirit   .   (no helmet)
rElec    .         Reflect  .   (no cloak)
rCorr    .         Harm     .   (no gloves)
MR       .....                  (no boots)
Stlth    ..........             (no amulet)
HPRegen  0.16/turn              (no ring)
MPRegen  0.09/turn              (no ring)

@: mighty
A: no striking features
a: Convert to Beogh


You were on level 3 of the Dungeon.
You were not hungry.

You visited 1 branch of the dungeon, and saw 3 of its levels.

You collected 177 gold pieces.

Inventory:

Hand Weapons
 a - a +0 flail (weapon)
Armour
 b - a +0 scale mail (worn)
 c - a +0 shield (worn)
Scrolls
 h - a scroll of remove curse {unknown}
 i - a scroll of immolation {unknown}
 k - a scroll of magic mapping {unknown}
 m - a scroll of noise {unknown}
Potions
 e - 2 potions of flight {unknown}
 g - a potion of haste {unknown}
 j - a potion of degeneration {unknown}
 l - a potion of invisibility {unknown}
Comestibles
 f - 5 rations {!d}


   Skills:
 * Level 5.0 Fighting
   Level 5.0 Short Blades
   Level 5.0 Long Blades
   Level 5.0 Axes
   Level 5.0 Maces & Flails
   Level 5.0 Polearms
   Level 5.0 Staves
 + Level 4.1 Armour
 + Level 4.1 Shields
   Level 5.0 Unarmed Combat


You had 4 spell levels left.
You didn't know any spells.
Your spell library was empty.

Dungeon Overview and Level Annotations

Branches:
Dungeon (3/12)

Altars:


Message History

The orc hits you but does no damage.
You completely miss the orc.
The orc is heavily wounded.
The orc hits you with a +0 falchion.
You hit the orc.
The orc is severely wounded.
A leopard gecko comes into view.
You block the orc's attack.
Your shield and scale mail prevent you from hitting the orc.
The orc is severely wounded.
You block the orc's attack.
You bludgeon the orc!!
You kill the orc!
The orc priest mumbles some strange prayers to Beogh against you.
Beogh smites you!
* * * LOW HITPOINT WARNING * * *
You completely miss the orc. You block the orc's attack.
The orc priest calls down the wrath of Beogh upon you.
Beogh smites you!
You die...

# .. ... <...
....o
>...lo#####
..[.ooo@..#
..#######.#
#....#.#
##.##.#.###
#.<)..#...#
#.........#
+)).......#
####........##
#...........#


You could see an orc priest, 4 orcs and a leopard gecko.

Vanquished Creatures
  A hound (D:3)
  An orc wizard (D:3)
  A worm (D:2)
  4 dart slugs
  3 leopard geckos
  4 orcs (D:3)
  A ball python (D:2)
  A giant cockroach (D:2)
  7 goblins
  4 hobgoblins
  2 jackals (D:2)
  5 bats (D:1)
  6 frilled lizards
  10 kobolds
  2 rats
52 creatures vanquished.

Notes
Turn   | Place    | Note
-------+----------+-------------------------------------------
     0 | D:1      | Freyura the Hill Orc Fighter began the quest for the Orb.
     0 | D:1      | Reached XP level 1. HP: 20/20 MP: 1/1
    90 | D:1      | Reached XP level 2. HP: 25/27 MP: 2/2
   474 | D:1      | Reached XP level 3. HP: 34/34 MP: 3/3
  1097 | D:2      | Reached XP level 4. HP: 36/41 MP: 4/4
  1185 | D:3      | Reached skill level 5 in Fighting
  1185 | D:3      | Reached XP level 5. HP: 42/48 MP: 5/5
  1222 | D:3      | Killed from afar by an orc priest

Skill      XL: |  1  2  3  4 |
---------------+-------------+-----
Armour         | 4 |  4.1
Shields        | 4 |  4.1
Fighting       | 5 |  5.0
Short Blades   | |  5.0
Long Blades    | |  5.0
Axes           | |  5.0
Maces & Flails | |  5.0
Polearms       | |  5.0
Staves         | |  5.0
Unarmed Combat | |  5.0

Action                   |  1- 3 |  4- 6 || total
-------------------------+-------+-------++-------
Melee: Flail             |   134 |    35 ||   169
  Use: Potion            |       |     1 ||     1
  Eat: Chunk             |     1 |       ||     1
Armor: Scale mail        |    82 |    18 ||   100
Dodge: Dodged            |    41 |     7 ||    48
Block: Shield            |    59 |    22 ||    81
